 Dungeon Crawl Stone Soup version 0.22.1-1-ga44c0e56f4 (webtiles) character file.

6720 Riddle the Fighter (level 10, -2/85 HPs)
             Began as a Demonspawn Monk on Oct 3, 2018.
             Slain by a hornet (10 damage)
             ... on level 9 of the Dungeon.
             The game lasted 00:29:10 (13036 turns).

Riddle the Fighter (Demonspawn Monk)               Turns: 13036, Time: 00:29:11

Health: -2/85      AC: 16    Str: 14    XL:     10   Next: 74%
Magic:  10/10      EV:  6    Int: 13    God:
Gold:   524        SH:  0    Dex: 15    Spells: 9/9 levels left

rFire    + . .     SeeInvis +     - Unarmed
rCold    . . .     Gourm    .   (no shield)
rNeg     . . .     Faith    .   h - +0 plate armour
rPois    .         Spirit   .   (helmet restricted)
rElec    .         Reflect  .   F - +0 cloak
rCorr    .         Harm     .   E - +0 pair of gloves
MR       .....                  (no boots)
Stlth    ..........             (no amulet)
HPRegen  0.24/turn              s - ring of protection from fire
MPRegen  0.12/turn              f - ring of see invisible

@: slowed, very slow
A: antennae 1, claws 2, talons 1, demonic guardian 1, rot immunity
a: no special abilities


You were on level 9 of the Dungeon.
You were hungry.

You visited 1 branch of the dungeon, and saw 9 of its levels.

You collected 524 gold pieces.

Inventory:

Hand Weapons
 j - a +2 dagger of electrocution
Armour
 h - a +0 plate armour (worn)
 E - a +0 pair of gloves (worn)
 F - a +0 cloak (worn)
Jewellery
 f - a ring of see invisible (right hand)
 l - a +2 ring of dexterity
 s - a ring of protection from fire (left hand)
Wands
 v - a wand of flame (47)
 y - a wand of enslavement (15)
 D - a wand of acid (7)
 G - a wand of polymorph (10)
 H - a wand of digging (11)
 J - a wand of paralysis (5)
Scrolls
 b - 11 scrolls of identify
 d - 3 scrolls of teleportation {unknown}
 e - 5 scrolls of fear {unknown}
 g - 4 scrolls of amnesia
 i - 2 scrolls of immolation {unknown}
 k - 7 scrolls of remove curse {unknown}
 m - 2 scrolls of blinking {unknown}
 p - 3 scrolls of magic mapping {unknown}
 u - a scroll of enchant weapon {unknown}
 x - a scroll of noise {unknown}
 A - a scroll of fog {unknown}
Potions
 a - a potion of curing
 n - a potion of lignification {unknown}
 o - a potion of haste {unknown}
 q - a potion of heal wounds {unknown}
 r - a potion of agility {unknown}
 t - a potion of invisibility {unknown}
 w - a potion of mutation {unknown}
 z - a potion of might {unknown}
 B - a potion of brilliance {unknown}
 C - a potion of flight {unknown}
 I - a potion of degeneration {unknown}
 K - a potion of cancellation {unknown}
Comestibles
 c - 12 rations


   Skills:
 + Level 10.3 Fighting
   Level 2.6 Long Blades
 + Level 9.0 Armour
 - Level 2.6 Dodging
 - Level 1.7 Stealth
 + Level 8.1 Unarmed Combat


You had 9 spell levels left.
You didn't know any spells.
Your spell library was empty.

Dungeon Overview and Level Annotations

Branches:
Dungeon (9/15)             Temple (0/1) D:7
   Lair: D:8-11         Orc: D:9-12

Altars:
Cheibriados
Fedhas
Gozag
Nemelex Xobeh
Okawaru
Qazlal
Vehumet
Wu Jian
Xom
Yredelemnul
Zin
The Shining One

Shops:
D:8 [


Innate Abilities, Weirdness & Mutations

You have a pair of small antennae on your head.
You have very sharp fingernails.
You have sharp toenails.
A weak demonic guardian rushes to your aid.
You are immune to rotting.


Message History

You feel as though you will be slow longer.
The hellwing hits you but does no damage. x2
The hornet barely misses you.
As you read the scroll labeled FENEMNYDGHU, it crumbles to dust.
It is a scroll of amnesia.
You feel forgetful for a moment.
The hornet stings you but does no damage.
The hellwing hits you.
* * * LOW HITPOINT WARNING * * *
The hellwing hits you.
* * * LOW HITPOINT WARNING * * *
The hornet stings you!
* * * LOW HITPOINT WARNING * * *
You feel as though you will be slow longer.
The hellwing hits you but does no damage.
The hellwing barely misses you.
Your ufetubus misses the hornet.
Your ufetubus closely misses the hornet.
The hornet stings you!
You die...

## .. ####'###....
#......#...
.......#......#...
#......#......#..
#......#......#.#
#......###@####.#
#........55y....#
#...........4...#
#........######.#
#........# #.#
#........# #.#
#........# #.#######
#........######........
#.........4............


You could see a hellwing, a hornet, a friendly iron imp and a friendly ufetubus.

Vanquished Creatures
  A hellwing (D:9)
  2 hippogriffs
  The ghost of GsBirdie the Conjurer, an amateur DrCj (D:4)
  4 yaks (D:8)
  2 hungry ghosts
  Edmund (D:6)
  2 orc warriors
  A sky beast (D:5)
  An ogre (D:5)
  4 centaurs
  A gnoll sergeant (D:9)
  4 bullfrogs
  A water moccasin zombie (D:5)
  2 scorpions (D:7)
  2 howler monkeys (D:9)
  A quasit (D:6)
  3 bullfrog skeletons
  3 centaur zombies
  2 hounds
  6 orc priests
  A jelly (D:6)
  5 centaur skeletons
  4 iguanas
  4 orc wizards
  6 worker ants
  A worker ant zombie (D:6)
  6 gnolls
  8 adders
  6 shadow imps
  2 oozes
  3 adder skeletons
  5 worms
  2 dart slugs (D:1)
  4 leopard geckos
  31 orcs
  6 bats
  8 giant cockroaches
  9 goblins
  8 hobgoblins
  10 jackals
  3 kobolds
  4 quokkas
  A ball python (D:6)
  7 frilled lizards
  A jackal skeleton (D:3)
  A leopard gecko skeleton (D:4)
  A quokka skeleton (D:8)
  6 rats
197 creatures vanquished.

Vanquished Creatures (collateral kills)
  A centaur zombie (D:9)
  Prince Ribbit (D:8)
  Sigmund (D:3)
  A steam dragon (D:8)
  Duvessa (D:5)
  A sky beast (D:7)
  A centaur (D:6)
  3 ogres
  A bullfrog (D:9)
  Dowan (D:5)
  2 scorpions (D:4)
  2 howler monkeys
  4 orc wizards
  2 orc priests
  Natasha (D:2)
  3 gnolls (D:9)
  6 orcs
  2 quokkas (D:4)
  A frilled lizard (D:4)
35 creatures vanquished.

Grand Total: 232 creatures vanquished

Notes
Turn   | Place    | Note
-------+----------+-------------------------------------------
     0 | D:1      | Riddle the Demonspawn Monk began the quest for the Orb.
     0 | D:1      | Reached XP level 1. HP: 18/18 MP: 1/1
    85 | D:1      | Reached skill level 1 in Armour
    85 | D:1      | Gained mutation: A weak demonic guardian rushes to your
                  | aid. [demonic ancestry]
    85 | D:1      | Reached XP level 2. HP: 15/24 MP: 2/2
   868 | D:1      | Gained mutation: You have sharp fingernails. [demonic
                  | ancestry]
   868 | D:1      | Reached XP level 3. HP: 26/30 MP: 3/3
  1128 | D:2      | Found a shimmering altar of Xom.
  1200 | D:2      | Found a glowing golden altar of the Shining One.
  1227 | D:2      | Found a radiant altar of Vehumet.
  1393 | D:2      | Found an iron altar of Okawaru.
  1394 | D:2      | Found a stormy altar of Qazlal.
  1797 | D:2      | Found a snail-covered altar of Cheibriados.
  2278 | D:2      | Reached skill level 4 in Fighting
  2278 | D:2      | Reached skill level 1 in Unarmed Combat
  2278 | D:2      | Gained mutation: You are immune to rotting. [demonic
                  | ancestry]
  2278 | D:2      | Reached XP level 4. HP: 25/37 MP: 4/4
  2544 | D:3      | Noticed Sigmund
  2669 | D:3      | Noticed Natasha
  2676 | D:2      | Killed Natasha
  2936 | D:3      | Found a blossoming altar of Fedhas.
  3277 | D:3      | Killed Sigmund
  3277 | D:3      | Gained mutation: You have sharp toenails. [demonic
                  | ancestry]
  3277 | D:3      | Reached XP level 5. HP: 28/43 MP: 5/5
  3770 | D:3      | Found an ornate altar of the Wu Jian Council.
  4092 | D:4      | Reached XP level 6. HP: 50/50 MP: 6/6
  4310 | D:4      | Reached skill level 5 in Fighting
  4744 | D:4      | Found a runed gate.
  4744 | D:4      | Found a runed gate.
  4745 | D:4      | Found a runed gate.
  4747 | D:4      | Noticed GsBirdie's ghost (amateur DrCj)
  4776 | D:4      | Killed GsBirdie's ghost
  4776 | D:4      | Reached XP level 7. HP: 26/56 MP: 7/7
  5131 | D:5      | Entered Level 5 of the Dungeon
  5250 | D:5      | Reached skill level 6 in Fighting
  5708 | D:5      | Noticed Duvessa
  5708 | D:5      | Noticed Dowan
  5711 | D:5      | Gained mutation: You have very sharp fingernails. [demonic
                  | ancestry]
  5711 | D:5      | Reached XP level 8. HP: 61/65 MP: 8/8
  5722 | D:5      | Killed Duvessa
  5722 | D:5      | Reached skill level 5 in Armour
  5730 | D:5      | Killed Dowan
  6249 | D:5      | Reached skill level 7 in Fighting
  6799 | D:6      | Found a sparkling altar of Nemelex Xobeh.
  6988 | D:6      | Found an opulent altar of Gozag.
  7003 | D:6      | Noticed Edmund
  7025 | D:6      | Killed Edmund
  7847 | D:6      | Reached skill level 5 in Unarmed Combat
  8150 | D:7      | Found a staircase to the Ecumenical Temple.
  8664 | D:7      | Reached XP level 9. HP: 74/74 MP: 9/9
  8707 | D:7      | Reached skill level 8 in Fighting
  9493 | D:7      | Found a glowing silver altar of Zin.
  9493 | D:7      | Noticed an angel
  9540 | D:8      | Found Cunk's Armour Shoppe.
 10052 | D:8      | Noticed Prince Ribbit
 10077 | D:8      | Killed Prince Ribbit
 10339 | D:8      | Reached skill level 9 in Fighting
 10466 | D:8      | Paralysed by an orc priest for 2 turns
 11109 | D:9      | Noticed a hellwing
 11111 | D:9      | Noticed a hellwing
 11316 | D:9      | Gained mutation: You have a pair of small antennae on your
                  | head. [demonic ancestry]
 11316 | D:9      | Reached XP level 10. HP: 44/83 MP: 10/10
 11582 | D:9      | Found a basalt altar of Yredelemnul.
 12089 | D:9      | Reached skill level 10 in Fighting
 13022 | D:9      | Paralysed by a hornet for 3 turns
 13028 | D:9      | Paralysed by a hornet for 2 turns
 13033 | D:9      | Paralysed by a hornet for 1 turns
 13036 | D:9      | Slain by a hornet

Skill      XL: |  1  2  3  4  5  6  7  8  9 10 |
---------------+-------------------------------+-----
Armour         | 1 2 3 4 6 7 9 |  9.0
Fighting       | 4 5 6 7 9 10 | 10.3
Unarmed Combat | 1 2 3 4 5 6 8 |  8.1
Long Blades    | |  2.6
Dodging        | |  2.6
Stealth        | |  1.7

Action                   |  1- 3 |  4- 6 |  7- 9 | 10-12 || total
-------------------------+-------+-------+-------+-------++-------
Melee: Falchion          |    71 |       |       |       ||    71
       Unarmed           |   115 |   230 |   469 |   187 ||  1001
       Kick              |       |    38 |   143 |    70 ||   251
       Punch             |       |     1 |     8 |     3 ||    12
  Use: Scroll            |       |       |     1 |     1 ||     2
       Potion            |       |       |       |     3 ||     3
 Stab: Sleeping          |     1 |       |       |       ||     1
       Distracted        |       |     2 |     3 |     4 ||     9
  Eat: Chunk             |     4 |     5 |    18 |     9 ||    36
       Ration            |       |     1 |     2 |     1 ||     4
Armor: Ring mail         |     9 |       |       |       ||     9
       Plate armour      |    98 |   161 |   338 |   169 ||   766
Dodge: Dodged            |    27 |    36 |   127 |    56 ||   246
       Rpst.: Falchion   |     5 |       |       |       ||     5
